 Dungeon Crawl Stone Soup version 0.31-a0-544-gceb718ecc6 (webtiles) character file.

Game seed: 9658659732995937843

7221 ytrimaz the Fighter (level 10, -2/83 HPs)
             Began as a Demonspawn Shapeshifter on Aug 16, 2023.
             Was a Priest of Okawaru.
             Slain by a yak (8 damage)
             ... on level 8 of the Dungeon.
             The game lasted 00:10:22 (7736 turns).

ytrimaz the Fighter (Demonspawn Shapeshifter)       Turns: 7736, Time: 00:10:23

Health: -2/83      AC: 10    Str: 16    XL:     10   Next: 87%
Magic:  10/10      EV: 14    Int: 10    God:    Okawaru [***...]
Gold:   1307       SH:  0    Dex: 16    Spells: 9/9 levels left

rFire   . .          .
                       - Unarmed
rCold   . . .        (no shield)
rNeg    . . .        E - +0 swamp dragon scales
rPois   +            (helmet currently unavailable)
rElec   .            (cloak currently unavailable)
rCorr   .            (gloves currently unavailable)
SInv    .            (boots currently unavailable)
Will    ++...        n - necklace of Bloodlust {Fury *Rage Will++ Int-3 Slay+6}
Stlth   +            (no ring)
HPRegen 0.33/turn    (no ring)
MPRegen 0.12/turn

%: random rage (50%)
@: beast-form, on berserk cooldown, slowed, very slow
A: beast (slay +4), claws 2, thin metallic scales 2, powered by death 1, spiny
1, clever 1
a: Begin Untransformation, Renounce Religion, Heroism


You were on level 8 of the Dungeon.
You worshipped Okawaru.
Okawaru was most pleased with you.
You were a hulking beast.
You visited 2 branches of the dungeon, and saw 9 of its levels.
You also visited: Ossuary.

You collected 1307 gold pieces.


Innate Abilities, Weirdness & Mutations

You are a hulking beast.
Your limbs bulge with bestial killing power. (Slay +4)
You have very sharp fingernails.
You are mostly covered in thin metallic scales. (AC +3)
You regenerate a little health from kills.
You are partially covered in sharp spines.
Your mind is acute. (Int +4, Str/Dex -1)


   Skills:
 + Level 9.0 Fighting
 + Level 8.3 Dodging
 + Level 8.6 Unarmed Combat
 - Level 6.0 Shapeshifting


You had 9 spell levels left.
You didn't know any spells.
Your spell library contained the following spells:

 Spells                   Type           Power      Damage    Failure   Level
 Apportation              Tloc           0%         N/A       58%         1
 Shock                    Conj/Air       0%         1d3       58%         1
 Portal Projectile        Hex/Tloc       0%         N/A       91%         3
 Swiftness                Air            0%         N/A       91%         3
 Airstrike                Air            0%         2d(0-16)  100%        4
 Leda's Liquefaction      Hex/Erth       0%         N/A       100%        4
 Alistair's Intoxication  Tmut/Pois      0%         N/A       100%        5
 Call Canine Familiar     Summ           Unusable   N/A       N/A         3

Inventory:

Missiles
 D - 2 throwing nets
Armour
 p - a +1 chain mail of fire resistance
   (You found it on level 3 of the Dungeon)
 y - the +1 helmet "Qujij" {rElec Will+ Str-3 Slay+2}
   (You found it on level 8 of the Dungeon)

   Str-3:     It affects your strength (-3).
   Slay+2:    It affects your accuracy & damage with ranged weapons and melee
   (+2).
   rElec:     It insulates you from electricity.
   Will+:     It increases your willpower.
 E - +0 swamp dragon scales (worn)
   (You took it off Maggie on level 7 of the Dungeon)
Jewellery
 n - the necklace of Bloodlust (around neck) {Fury *Rage Will++ Int-3 Slay+6}
   (You found it on level 3 of the Dungeon)

   [amulet of nothing]

   Fury:      It extends the wearer's berserk rage when killing foes.
   Int-3:     It affects your intelligence (-3).
   Slay+6:    It affects your accuracy & damage with ranged weapons and melee
   (+6).
   Will++:    It greatly increases your willpower.
   *Rage:     It berserks you when you make melee attacks (+50% chance).
Talismans
 c - a beast talisman (active)
 d - a flux talisman
 K - a maw talisman
   (You found it on level 8 of the Dungeon)
Wands
 e - a wand of charming (18)
   (You took it off Ijyb on level 3 of the Dungeon)
 f - a wand of roots (8)
   (You found it on level 3 of the Dungeon)
 j - a wand of flame (42) (quivered)
   (You found it on level 2 of the Dungeon)
 q - a wand of mindburst (9)
   (You found it on level 4 of the Dungeon)
 w - a wand of polymorph (13)
   (You took it off Duvessa on level 6 of the Dungeon)
Scrolls
 g - a scroll of butterflies {unknown}
 h - 3 scrolls of vulnerability
 i - 4 scrolls of enchant weapon
 l - 3 scrolls of fog
 m - a scroll of revelation
 o - a scroll of brand weapon {unknown}
 r - a scroll of torment {unknown}
 s - a scroll of fear
 u - 2 scrolls of enchant armour
 v - a scroll of blinking {unknown}
 x - a scroll of noise {unknown}
 C - 2 scrolls of immolation
 I - a scroll of identify
Potions
 a - a potion of invisibility
 b - 3 potions of lignification
 k - 2 potions of attraction
 t - 3 potions of curing
 z - a potion of haste
 A - 2 potions of heal wounds
 B - 2 potions of mutation
 F - a potion of berserk rage {unknown}
 G - a potion of experience {unknown}
 H - 3 potions of degeneration {unknown}
 J - a potion of brilliance {unknown}

Dungeon Overview and Level Annotations

Branches:
Dungeon (8/15) Zot: 25587  Temple (1/1) D:6 Zot: 5933    Lair (0/5) D:8
Ossuary (visited)

Altars:
Ashenzari
Cheibriados
Dithmenos
Fedhas
Gozag
Hepliaklqana
Kikubaaqudgha
Makhleb
Nemelex Xobeh
Okawaru
Qazlal
Sif Muna
Uskayaw
Vehumet
Wu Jian
Xom
Yredelemnul

Shops:
D:7 [

Annotations:
D:4 3 runed translucent doors, Iich's ghost, amateur DsFi; Shayle's ghost, amateur OgSh; innerfire43's ghost, amateur GnSh

...Y..'...≈≈≈≈≈..................
#.#.#.#.....~~...#..<............
#.#..............##..........
#.#.............####.........
#######..............#...........
................#.#...........)..
...............#####..#..........
.......##......####...#..........
.#.....####...YYh.#..##..........
....##.........##.#.###..#.......
....#...........#....#.)#####....
...............##...###..####....
...###...###........##...........
#.####...###.....................
#.###......#...#........###.##[..
..#..........##..........#.......
.........##........###........#..


You could see 2 yaks.


Message History

The yak barely misses you.
You mangle the yak!! The yak closely misses you.
You mangle the yak!!
The necklace of Bloodlust glows a violent red.
You kill the yak!
Okawaru accepts your kill. 😕 HP[+1]
The yak barely misses you.
Things that are here:
a yak corpse; a yak corpse; 😕 HP[+1] Unknown command.
You feel a strong urge to attack something.
You see here a yak corpse. 😕 HP[+1] Unknown command.
You are no longer berserk.
You are exhausted.
You feel yourself slow down.
The yak snorts and paws the ground. 😕 HP[-32]
You now have 82 max hp (-41).
Unknown command.
You claw the yak! The yak closely misses you. 😕 HP[+1]
You claw the yak! The yak closely misses you.
You mangle the death yak!!
The death yak gores you but does no damage. 😕 HP[+1] Unknown command.
You mangle the death yak!! The death yak gores you. 😕 HP[-1]
You take 1 damage, and now have 66/82 hp.
You scratch the death yak.
The yak snorts and paws the ground.
The death yak is struck by your spines. The death yak gores you!!
Unknown command. 😮 HP[-20]
You take 20 damage, and now have 46/82 hp.
MASSIVE DAMAGE!! (PAUSE)
You claw the death yak! The death yak is struck by your spines.
You kill the death yak!
Okawaru is honoured by your kill.
Okawaru will now gift you throwing weapons as you gain piety.
Your Dodging skill increases to level 8!
You mangle the yak!!
You kill the yak!
Okawaru accepts your kill. 😮 HP[+2]
You regained 2 hp, and now have 48/82 hp.
Unknown command.
You barely miss the yak. The yak is struck by your spines. The yak gores you!
* * * LOW HITPOINT WARNING * * *
😨 HP[-11]
You take 11 damage, and now have 37/82 hp.
You scratch the yak but do no damage. The yak gores you.
* * * LOW HITPOINT WARNING * * *
The yak gores you.
* * * LOW HITPOINT WARNING * * *
😨 HP[-9]
You take 9 damage, and now have 28/82 hp.
Unknown command.
You closely miss the yak. The yak is struck by your spines.
The yak closely misses you.
You claw the yak!
The yak gores you but does no damage. 😨 HP[+1] Unknown command.
You mangle the yak!! The yak gores you!
* * * LOW HITPOINT WARNING * * *
The yak snorts and paws the ground. 😨 HP[-7]
You take 7 damage, and now have 22/82 hp.
You claw the yak!
You kill the yak!
Okawaru accepts your kill. The yak is struck by your spines.
The yak gores you but does no damage. 😨 HP[+1] Unknown command.
You closely miss the yak. The yak gores you.
* * * LOW HITPOINT WARNING * * *
😱 HP[-4]
You take 4 damage, and now have 19/82 hp.
You mangle the yak!! The yak is struck by your spines.
You kill the yak!
Okawaru accepts your kill.
Your Fighting skill increases to level 9! 😱 HP[+1]
You now have 83 max hp (+1).
You claw the yak! Your claw misses the yak. The yak is struck by your spines.
The yak gores you.
* * * LOW HITPOINT WARNING * * *
😱 HP[-3]
You take 3 damage, and now have 17/83 hp.
Unknown command.
You scratch the yak. The yak barely misses you.
The yak is struck by your spines. The yak gores you!
* * * LOW HITPOINT WARNING * * *
😱 HP[-11]
You take 11 damage, and now have 6/83 hp.
You scratch the yak. The yak gores you!
You die...

Skill      XL: |  1  2  3  4  5  6  7  8  9 10 |
---------------+-------------------------------+-----
Dodging        | 2 3 4 5 6 8 |  8.3
Unarmed Combat | 3 4 5 6 7 8 |  8.6
Shapeshifting  | 3 4 5 6 |  6.0
Fighting       | 2 3 4 5 7 9 |  9.0

Action                     |  1- 3 |  4- 6 |  7- 9 | 10-12 || total
---------------------------+-------+-------+-------+-------++-------
  Melee: Unarmed           |    94 |   123 |   243 |    55 ||   515
         Punch             |     1 |     3 |    15 |     2 ||    21
  Evoke: Wand              |     9 |       |       |     5 ||    14
    Use: Potion            |     3 |     2 |     2 |       ||     7
         Scroll            |     1 |       |    14 |       ||    15
   Stab: Sleeping          |     1 |     3 |       |       ||     4
 Armour: Animal skin       |    25 |    10 |       |       ||    35
         Skin              |    33 |       |   118 |       ||   151
         Chain mail        |       |    88 |   112 |       ||   200
         Swamp dragon scal |       |       |    19 |    12 ||    31
  Dodge: Dodged            |    73 |   100 |   165 |    27 ||   365

Levels and vault maps discovered:
D:1:      amcnicky_arrival_flooded_fountain, layout_basic,
          shapermc_ecumenical_altar_mp_ritualfount, minmay_ruptured
D:2:      layout_loops_ring, nicolae_figureground_sparkle, uniq_jessica,
          uniq_sigmund
D:3:      layout_basic, kennysheep_small_spiral, uniq_ijyb
D:4:      layout_cave_pools, gammafunk_ghost_cemetery
D:5:      minmay_recursive_quarters, layout_rooms
D:6:      layout_rooms, minmay_temple_entry_junction, enter_ossuary_3,
          uniq_duvessa
D:7:      layout_basic, chequers_temple_overflow_statue_of_worship,
          serial_shops, shop_statue, nicolae_grassy_gnolls, uniq_maggie
D:8:      argonaut_augean_stables, layout_cave_pools,
          nicolae_overflow_macrodata_refinement, eat_drink_and_be_merry_uskayaw,
          erik_lair_dragon
Temple:   nicolae_temple_figure_eight

Notes
Turn   | Place    | Note
-------+----------+-------------------------------------------
     0 | D:1      | ytrimaz the Demonspawn Shapeshifter began the quest for the
                  | Orb.
     0 | D:1      | Reached XP level 1. HP: 15/15 MP: 1/1
     0 | D:1      | magus.rc [v1.9.6]
   209 | D:1      | Found a faded altar of an unknown god.
   259 | D:1      | Reached skill level 2 in Dodging
   259 | D:1      | Gained mutation: You have sharp fingernails. [demonic
                  | ancestry]
   259 | D:1      | Reached XP level 2. HP: 18/21 MP: 2/2
   486 | D:1      | HP: 4/21 [hobgoblin (5)]
   496 | D:1      | HP: 6/31 [hobgoblin (3)]
   503 | D:1      | HP: 4/31 [dart slug (2)]
   802 | D:1      | Reached skill level 3 in Unarmed Combat
   974 | D:2      | Gained mutation: You are partially covered in thin metallic
                  | scales. (AC +2) [demonic ancestry]
   974 | D:2      | Reached XP level 3. HP: 27/27 MP: 3/3
  1129 | D:2      | Noticed Sigmund
  1148 | D:2      | Gained mutation: Armour fits poorly on your strangely
                  | shaped body. [potion of mutation]
  1148 | D:2      | Gained mutation: You have a pair of small antennae on your
                  | head. [potion of mutation]
  1198 | D:2      | HP: 6/27 [orc/+0 falchion (3)]
  1203 | D:2      | Reached skill level 3 in Shapeshifting
  1204 | D:2      | Killed Sigmund
  1205 | D:2      | Reached skill level 2 in Fighting
  1205 | D:2      | Reached skill level 3 in Dodging
  1205 | D:2      | Reached XP level 4. HP: 10/34 MP: 4/4
  1205 | D:2      | Reached XP level 5. HP: 11/39 MP: 5/5
  1206 | D:2      | HP: 8/39 [orc/+0 dagger (4)]
  1399 | D:2      | You pick up a book of the Hunter and begin reading...
  1399 | D:2      | You add the spells Call Canine Familiar, Portal Projectile
                  | and Leda's Liquefaction to your library.
  1699 | D:2      | Noticed Jessica
  1708 | D:2      | Killed Jessica
  2081 | D:3      | Noticed Ijyb
  2122 | D:3      | HP: 10/40 [Ijyb/+0 club (3)]
  2125 | D:3      | Killed Ijyb
  2126 | D:3      | Reached skill level 3 in Fighting
  2126 | D:3      | Gained mutation: You are mostly covered in thin metallic
                  | scales. (AC +3) [demonic ancestry]
  2126 | D:3      | Reached XP level 6. HP: 13/47 MP: 6/6
  2380 | D:3      | Lost mutation: Armour fits poorly on your strangely shaped
                  | body. [potion of mutation]
  2380 | D:3      | Lost mutation: You have a pair of small antennae on your
                  | head. [potion of mutation]
  2380 | D:3      | Gained mutation: Your mind is acute. (Int +4, Str/Dex -1)
                  | [potion of mutation]
  2566 | D:3      | Found the necklace of Bloodlust {Fury *Rage Will++ Int-3
                  | Slay+6}
  3001 | D:4      | Reached skill level 4 in Unarmed Combat
  3112 | D:4      | Found a runed translucent gate.
  3112 | D:4      | Found a runed translucent gate.
  3116 | D:4      | Found a runed translucent gate.
  3117 | D:4      | Noticed innerfire43's ghost (amateur GnSh)
  3117 | D:4      | Noticed Shayle's ghost (amateur OgSh)
  3117 | D:4      | Noticed Iich's ghost (amateur DsFi)
  3163 | D:4      | Reached XP level 7. HP: 53/53 MP: 7/7
  3580 | D:5      | Entered Level 5 of the Dungeon
  3588 | D:5      | Reached skill level 4 in Shapeshifting
  3642 | D:5      | Reached skill level 4 in Fighting
  3642 | D:5      | Reached skill level 4 in Dodging
  3652 | D:5      | You pick up a book of Air and begin reading...
  3652 | D:5      | You add the spells Shock, Swiftness and Airstrike to your
                  | library.
  3804 | D:5      | Reached skill level 5 in Unarmed Combat
  3837 | D:5      | Gained mutation: You have very sharp fingernails. [demonic
                  | ancestry]
  3837 | D:5      | Reached XP level 8. HP: 57/61 MP: 8/8
  3928 | D:5      | You pick up a book of Party Tricks and begin reading...
  3928 | D:5      | You add the spells Apportation and Alistair's Intoxication
                  | to your library.
  4246 | D:6      | Noticed Duvessa
  4246 | D:6      | Noticed Dowan
  4251 | D:6      | Killed Duvessa
  4255 | D:6      | Killed Dowan
  4256 | D:6      | Reached skill level 5 in Fighting
  4288 | D:6      | Reached skill level 5 in Dodging
  4431 | D:6      | Found a sand-covered staircase.
  4451 | D:6      | Reached skill level 5 in Shapeshifting
  4481 | Ossuary  | Entered an ossuary
  4488 | Ossuary  | HP: 15/63 [hound zombie (1)]
  4493 | Ossuary  | HP: 19/94 [hound zombie (3)]
  4499 | Ossuary  | HP: 13/94 [elf zombie (1)]
  4504 | Ossuary  | HP: 6/63 [hound zombie (2)]
  4863 | Ossuary  | Identified a scroll of acquirement
  4865 | Ossuary  | Acquired 813 gold pieces
  4995 | D:6      | Reached skill level 6 in Unarmed Combat
  5147 | D:6      | Found a staircase to the Ecumenical Temple.
  5156 | Temple   | Entered the Ecumenical Temple
  5274 | D:6      | Gained mutation: You are partially covered in sharp spines.
                  | [demonic ancestry]
  5274 | D:6      | Reached XP level 9. HP: 69/69 MP: 9/9
  5359 | D:7      | Reached skill level 6 in Fighting
  5448 | D:7      | Found Jiesakla's Antique Armour Boutique.
  5502 | D:7      | Noticed Maggie
  5515 | D:7      | Killed Maggie
  5516 | D:7      | Reached skill level 6 in Dodging
  5640 | D:7      | Found an opulent altar of Gozag.
  5640 | D:7      | Found a shimmering altar of Xom.
  6053 | D:7      | Identified the staff "Jellybane" {rC+ Dex+3 Ice}
  6385 | D:8      | Found a sparkling altar of Nemelex Xobeh.
  6390 | D:8      | Found an iron altar of Okawaru.
  6395 | D:8      | Found an ornate altar of the Wu Jian Council.
  6411 | D:8      | Became a worshipper of Warmaster Okawaru
  6429 | D:8      | Identified the +1 helmet "Qujij" {rElec Will+ Str-3 Slay+2}
  6643 | D:8      | Reached skill level 7 in Fighting
  6643 | D:8      | Reached skill level 7 in Unarmed Combat
  6643 | D:8      | Reached skill level 6 in Shapeshifting
  6789 | D:8      | Noticed a komodo dragon
  6794 | D:8      | Killed a komodo dragon
  6813 | D:8      | Noticed a komodo dragon
  6819 | D:8      | Killed a komodo dragon
  6819 | D:8      | Reached * piety under Okawaru
  6820 | D:8      | Gained mutation: You regenerate a little health from kills.
                  | [demonic ancestry]
  6820 | D:8      | Reached XP level 10. HP: 49/79 MP: 10/10
  6927 | D:8      | Reached skill level 7 in Dodging
  6927 | D:8      | Noticed a two-headed ogre
  6949 | D:8      | Killed a two-headed ogre
  7106 | D:8      | Reached ** piety under Okawaru
  7107 | D:8      | Reached skill level 8 in Fighting
  7149 | D:8      | Found a staircase to the Lair.
  7284 | D:8      | Reached skill level 8 in Unarmed Combat
  7452 | D:8      | Found a hide-covered altar of Uskayaw.
  7689 | D:8      | Noticed a death yak
  7724 | D:8      | Killed a death yak
  7724 | D:8      | Reached *** piety under Okawaru
  7725 | D:8      | Reached skill level 8 in Dodging
  7732 | D:8      | HP: 19/82 [yak (4)]
  7734 | D:8      | Reached skill level 9 in Fighting
  7735 | D:8      | HP: 6/83 [yak (12)]
  7736 | D:8      | Slain by a yak

Vanquished Creatures
  A two-headed ogre (D:8)
  A death yak (D:8)
  3 komodo dragons (D:8)
  Maggie (D:7)
  Sigmund (D:2)
  A wyvern (D:7)
  8 yaks (D:8)
  A basilisk (D:8)
  A steam dragon (D:6)
  An acid dragon (D:8)
  Duvessa (D:6)
  A water moccasin (D:8)
  3 orc warriors
  A swamp drake (D:8)
  An ice beast (D:7)
  A black bear (D:5)
  An ogre (D:7)
  A centaur (D:7)
  A phantom (D:5)
  An elf zombie (Ossuary)
  2 bullfrogs (D:8)
  2 gnoll sergeants
  7 scorpions
  Dowan (D:6)
  4 howler monkeys
  2 electric eels (D:8)
  7 orc priests
  2 jellies
  2 hounds (D:5)
  3 gnoll boudas
  A sleepcap (D:6)
  Jessica (D:2)
  Ijyb (D:3)
  6 iguanas
  5 orc wizards
  2 hound zombies (Ossuary)
  4 mummies (Ossuary)
  19 gnolls
  5 adders
  4 white imps
  An ufetubus (D:5)
  A worm (D:2)
  5 dart slugs
  30 orcs
  7 bats
  4 endoplasms
  A giant cockroach (D:1)
  5 goblins
  5 hobgoblins
  8 jackals
  9 kobolds
  2 quokkas (D:3)
  7 ball pythons
  2 frilled lizards (D:2)
  3 goblin zombies
  4 jackal zombies (Ossuary)
  A kobold zombie (Ossuary)
  6 rats
  2 rat zombies (Ossuary)
214 creatures vanquished.

Table legend:
 A = Non-vault XP
 B = Vault XP
 C = Vault XP percentage of total XP
 D = Non-vault monster count
 E = Vault monster count
 F = Vault count percentage of total count
                 A         B        C        D         E       F
            +---------+---------+-------+---------+---------+-------
      Total |    4751 |    5566 |  53.9 |     161 |      53 |  24.8
            +---------+---------+-------+---------+---------+-------
        D:1 |      31 |       8 |  20.5 |      18 |       3 |  14.3
        D:2 |      51 |     260 |  83.6 |      24 |       2 |   7.7
        D:3 |      53 |      36 |  40.4 |      14 |       1 |   6.7
        D:4 |     398 |       0 |   0.0 |      26 |       0 |   0.0
        D:5 |     188 |     507 |  72.9 |       5 |       8 |  61.5
        D:6 |    1023 |     212 |  17.2 |      29 |       3 |   9.4
        D:7 |    1047 |     495 |  32.1 |      21 |       6 |  22.2
        D:8 |    1960 |    3833 |  66.2 |      24 |      14 |  36.8
    Ossuary |       0 |     215 | 100.0 |       0 |      16 | 100.0
            +---------+---------+-------+---------+---------+-------

Skill      XL: |  1  2  3  4  5  6  7  8  9 10 |
---------------+-------------------------------+-----
Dodging        | 2 3 4 5 6 8 |  8.3
Unarmed Combat | 3 4 5 6 7 8 |  8.6
Shapeshifting  | 3 4 5 6 |  6.0
Fighting       | 2 3 4 5 7 9 |  9.0

Action                     |  1- 3 |  4- 6 |  7- 9 | 10-12 || total
---------------------------+-------+-------+-------+-------++-------
  Melee: Unarmed           |    94 |   123 |   243 |    55 ||   515
         Punch             |     1 |     3 |    15 |     2 ||    21
  Evoke: Wand              |     9 |       |       |     5 ||    14
    Use: Potion            |     3 |     2 |     2 |       ||     7
         Scroll            |     1 |       |    14 |       ||    15
   Stab: Sleeping          |     1 |     3 |       |       ||     4
 Armour: Animal skin       |    25 |    10 |       |       ||    35
         Skin              |    33 |       |   118 |       ||   151
         Chain mail        |       |    88 |   112 |       ||   200
         Swamp dragon scal |       |       |    19 |    12 ||    31
  Dodge: Dodged            |    73 |   100 |   165 |    27 ||   365

Illustrated notes

Table legend:
 A = Kills in this place as a percentage of kills in the entire game.
 B = Kills by you in this place as a percentage of kills by you in the entire game.
 C = Kills by friends in this place as a percentage of kills by friends in the entire game.
 D = Other kills in this place as a percentage of other kills in the entire game.
 E = Experience gained in this place as a percentage of experience gained in the entire game.
 F = Experience gained in this place divided by the number of levels of this place that you have seen.
                   A       B       C       D       E      F
               +-------+-------+-------+-------+-------+----------------------
         Total | 100.0 | 100.0 |   N/A |   N/A | 100.0 | 1031.7
       Dungeon |  92.5 |  92.5 |   N/A |   N/A |  97.9 | 1262.8
       Ossuary |   7.5 |   7.5 |   N/A |   N/A |   2.1 | 215.0
               +-------+-------+-------+-------+-------+----------------------

Table legend: (Time is in decaauts)
 A = Elapsed time spent in this place.
 B = Non-inter-level travel time spent in this place.
 C = Inter-level travel time spent in this place.
 D = Time resting spent in this place.
 E = Time spent auto-exploring this place.
 F = Levels seen in this place.
 G = Mean time per level.
                   A        B        C        D        E       F      G
               +--------+--------+--------+--------+--------+-----+--------+
         Total |   8059 |   7846 |    213 |    668 |   5506 |  10 |  805.9 |
       Dungeon |   7557 |   7373 |    184 |    475 |   5405 |   8 |  944.6 |
        Temple |     66 |     37 |     29 |      0 |      0 |   1 |   66.0 |
       Ossuary |    435 |    435 |      0 |    192 |    101 |   1 |  435.0 |
               +--------+--------+--------+--------+--------+-----+--------+

Top non-repeatable levels by time:
     D:8: 1410 daAuts
     D:7: 1111 daAuts
     D:2: 1057 daAuts
     D:3: 966 daAuts
     D:1: 948 daAuts
     D:6: 760 daAuts
     D:4: 658 daAuts
     D:5: 643 daAuts
 Ossuary: 435 daAuts
  Temple: 66 daAuts
